 Dungeon Crawl Stone Soup version 0.29.0-4-gdea44cf6ec (webtiles) character file.

Game seed: 8659908449404707641

37304 qw the Brawler (level 13, -4/124 HPs)
             Began as a Troll Cinder Acolyte on Sept 1, 2022.
             Was an Initiate of Okawaru.
             Slain by an eight-headed hydra (10 damage)
             ... on level 5 of the Lair of Beasts.
             The game lasted 00:07:24 (12945 turns).

qw the Brawler (Troll Cinder Acolyte)              Turns: 12945, Time: 00:07:24

Health: -4/124     AC: 10    Str: 29    XL:     13   Next: 57%
Magic:  13/13      EV: 12    Int: 10    God:    Okawaru [......]
Gold:   997        SH: 14    Dex:  5    Spells: 14/14 levels left

rFire   . . .      SeeInvis .     - Unarmed
rCold   . . .      Faith    .   d - +0 kite shield
rNeg    . . .      Spirit   .   l - +3 steam dragon scales
rPois   .          Reflect  +   (helmet restricted)
rElec   .          Harm     .   (no cloak)
rCorr   .          Rampage  .   (gloves unavailable)
Will    +....      Clarity  +   (boots unavailable)
Stlth   +.........              b - amulet of reflection
HPRegen 1.10/turn               x - +4 ring of evasion
MPRegen 0.13/turn               s - ring of willpower

@: about to teleport, fire susceptible
A: large, unfitting armour, claws 3, regeneration 1, shaggy fur 1, tough skin 1,
talons 1, clarity
a: Renounce Religion


You were on level 5 of the Lair of Beasts.
You worshipped Okawaru.
Okawaru was noncommittal.
You visited 2 branches of the dungeon, and saw 14 of its levels.
You also visited: Ossuary.

You collected 997 gold pieces.


Innate Abilities, Weirdness & Mutations

You are too large for most types of armour.
You have claws for hands.
Your natural rate of healing is unusually fast.
You are covered in fur. (AC +1)
You have tough skin. (AC +1)
You have sharp toenails.
You possess an exceptional clarity of mind.


   Skills:
 - Level 7.0 Fighting
 - Level 6.0 Throwing
 - Level 2.1 Armour
 - Level 2.2 Dodging
 + Level 11.4 Shields
 - Level 17.0 Unarmed Combat
 - Level 1.0 Spellcasting
 - Level 2.1 Fire Magic


You had 14 spell levels left.
You didn't know any spells.
Your spell library contained the following spells:

 Spells                   Type           Power      Damage    Failure   Level
 Scorch                   Fire           8%         2d5       36%         2

Inventory:

Missiles
 k - 8 boomerangs
 t - 2 silver boomerangs (quivered)
Armour
 d - a +0 kite shield (worn)
 l - +3 steam dragon scales (worn)
Jewellery
 b - an amulet of reflection (around neck)
 j - a ring of fire
 s - a ring of willpower (right claw)
 v - a ring of resist corrosion
 x - a +4 ring of evasion (left claw)
Scrolls
 a - a scroll of enchant weapon
 c - 3 scrolls of brand weapon
 h - 4 scrolls of teleportation
 i - 3 scrolls of identify
Potions
 e - 3 potions of mutation
 f - 3 potions of curing
 g - 4 potions of haste
 o - a potion of resistance

Dungeon Overview and Level Annotations

Branches:
Dungeon (9/15)             Temple (0/1) D:4            Lair (5/5) D:9
 Shoals (0/4) Lair:3       Spider (0/4) Lair:2        Slime (0/5) Lair:4
Ossuary (visited)
    Orc: D:9-12

Altars:
Ashenzari
Dithmenos
Gozag
Okawaru
Qazlal
Uskayaw
Yredelemnul

Shops:
D:3 [


Message History

You block the cane toad's attack.
You claw one of the seven-headed hydra's heads off!
The six-headed hydra grows two more!
You scratch the eight-headed hydra. You claw the eight-headed hydra!
The eight-headed hydra is moderately wounded.
You block the cane toad's attack. The eight-headed hydra bites you!
The eight-headed hydra bites you. The eight-headed hydra bites you!
You block the eight-headed hydra's attack.
The eight-headed hydra bites you! The eight-headed hydra bites you.
The eight-headed hydra closely misses you.
The eight-headed hydra bites you!
12943 ||| Stepping ~*~*~tactically~*~*~ (outnumbered).
The elephant attacks as you move away! The elephant closely misses you.
The elephant trunk-slaps you but does no damage.
The eight-headed hydra attacks as you move away!
The eight-headed hydra bites you!
The eight-headed hydra closely misses you. x2
The eight-headed hydra barely misses you.
You block the eight-headed hydra's attack.
The eight-headed hydra bites you!
You block the eight-headed hydra's attack.
The eight-headed hydra misses you.
12944 ||| READING 5 scrolls of teleportation.
As you read the scroll of teleportation, it crumbles to dust.
You feel strangely unstable. You block the cane toad's attack.
The elephant tramples you.
You hold your ground!
You block the elephant's attack.
An elephant comes into view.
The eight-headed hydra bites you.
You block the eight-headed hydra's attack. x2
The eight-headed hydra closely misses you.
The eight-headed hydra bites you!
The eight-headed hydra bites you but does no damage.
The eight-headed hydra bites you!
The eight-headed hydra barely misses you.
The cane toad closely misses you.
12945 ||| Stepping ~*~*~tactically~*~*~ (outnumbered).
The eight-headed hydra attacks as you move away!
The eight-headed hydra bites you!
You die...

#.....##.....####P..
##.....##..Y..##P....
#.....P..YY...P#.....
#.l....P#PP........
#......###P........
##...YY.# ##P.......
..###..S...##
#.........
#....YFDY..#
#........#
##....@...P#
#.##....P#
#........##
####...... ##.......#
#P[....# #P........#
##....## #.......###
#P.....# #P....... #
#......P ..P......#
.P#.....##
...P.###...
.......... ..........


You could see an eight-headed hydra, 5 elephants, 2 yaks, a cane toad, a
basilisk and a water moccasin.

Vanquished Creatures
  A fire dragon (D:9)
  A boulder beetle (Lair:1)
  2 hydras (Lair:2)
  A two-headed ogre (D:8)
  Pikel (D:9)
  18 elephants
  A merfolk siren (Lair:3)
  A torpor snail (Lair:5)
  12 cane toads
  2 rime drakes
  Psyche (D:9)
  8 komodo dragons
  21 blink frogs
  A jumping spider (Lair:2)
  4 wyverns
  2 basilisks
  21 yaks
  A steam dragon (D:9)
  A redback (Lair:2)
  An acid dragon (D:8)
  4 water moccasins
  3 sky beasts
  2 black bears
  3 orc warriors
  An ice beast (D:8)
  35 wolves
  A centaur (D:9)
  4 kobold brigands
  A phantom (D:5)
  7 bullfrogs
  2 scorpions (D:7)
  A gnoll sergeant (D:9)
  A necrophage (D:5)
  7 wights (D:7)
  5 killer bees (D:8)
  A howler monkey (D:7)
  An electric eel (Lair:2)
  2 centaur zombies (Ossuary)
  8 hounds
  2 orc priests
  3 jellies
  3 human zombies
  2 gnoll boudas
  3 human skeletons (D:4)
  An iguana (D:5)
  6 orc wizards
  4 mummies (Ossuary)
  13 gnolls
  8 adders
  3 white imps
  An ufetubus (D:6)
  A worm (D:2)
  4 dart slugs
  36 orcs
  4 bats (D:3)
  8 endoplasms
  3 giant cockroaches (D:1)
  12 goblins
  4 hobgoblins
  7 jackals
  5 quokkas
  8 ball pythons
  A frilled lizard (D:2)
  A hobgoblin zombie (Ossuary)
  19 kobolds
  2 kobold zombies (Ossuary)
  2 orc skeletons (D:4)
  An orc zombie (Ossuary)
  4 rats
361 creatures vanquished.

Vanquished Creatures (others)
  16 fungi
  57 plants
73 creatures vanquished.

Grand Total: 434 creatures vanquished

Notes
Turn   | Place    | Note
-------+----------+-------------------------------------------
     0 | D:1      | qw the Troll Cinder Acolyte began the quest for the Orb.
     0 | D:1      | Reached XP level 1. HP: 22/22 MP: 1/1
     0 | D:1      | 0 ||| qw: Version: 0.1-a-97-g2dd2ca4
     0 | D:1      | 0 ||| qw: Game counter: 4714
     0 | D:1      | 0 ||| qw: Always use a shield: true
     0 | D:1      | 0 ||| qw: God list: Okawaru
     0 | D:1      | 0 ||| qw: Allow faded altars: false
     0 | D:1      | 0 ||| qw: Do Orc after D:15 true
     0 | D:1      | 0 ||| qw: Do second Lair branch before Depths: true
     0 | D:1      | 0 ||| qw: Lair rune preference: random
     0 | D:1      | 0 ||| qw: Plans: Normal
     0 | D:1      | 0 ||| PLANNING D:1-11
   143 | D:1      | Reached XP level 2. HP: 29/29 MP: 2/2
   185 | D:1      | 185 ||| Stepping ~*~*~tactically~*~*~ (stealth).
   194 | D:1      | 194 ||| Stepping ~*~*~tactically~*~*~ (outnumbered).
   195 | D:1      | 195 ||| Stepping ~*~*~tactically~*~*~ (outnumbered).
   220 | D:1      | Reached skill level 4 in Unarmed Combat
   248 | D:1      | 248 ||| Stepping ~*~*~tactically~*~*~ (stealth).
   324 | D:1      | Reached XP level 3. HP: 36/36 MP: 3/3
   547 | D:1      | 547 ||| Stepping ~*~*~tactically~*~*~ (stealth).
   566 | D:1      | 566 ||| UPGRADING to ring of willpower.
   585 | D:2      | Found a faded altar of an unknown god.
   586 | D:2      | 586 ||| Stepping randomly (stuck).
   621 | D:2      | 621 ||| STAIRDANCE
   628 | D:2      | 628 ||| STAIRDANCE
  1135 | D:2      | 1135 ||| Stepping ~*~*~tactically~*~*~ (hiding).
  1282 | D:2      | Reached XP level 4. HP: 43/44 MP: 4/4
  1341 | D:2      | 1341 ||| READING scroll labelled DAZIAMM NOEMM.
  1358 | D:3      | Found Docutt's Antique Armour Emporium.
  1362 | D:3      | 1362 ||| SHOPLISTING embroidered robe (103 gold, have 81).
  1375 | D:3      | Reached skill level 5 in Unarmed Combat
  1578 | D:3      | Reached XP level 5. HP: 50/50 MP: 5/5
  1682 | D:3      | 1682 ||| Stepping ~*~*~tactically~*~*~ (stealth).
  1689 | D:3      | Reached skill level 6 in Unarmed Combat
  1689 | D:3      | 1689 ||| Stepping ~*~*~tactically~*~*~ (outnumbered).
  2222 | D:3      | 2222 ||| DROPPING +6 ring of intelligence.
  2223 | D:3      | 2223 ||| READING scroll labelled VIELES AGONNU.
  2224 | D:3      | 2224 ||| READING scroll labelled ACOTTO NUNA.
  2225 | D:3      | 2225 ||| READING scroll labelled IKKYAH HUNNO.
  2250 | D:3      | 2250 ||| DRINKING 2 pink potions.
  2251 | D:3      | 2251 ||| DRINKING 2 amethyst potions.
  2252 | D:3      | 2252 ||| DROPPING potion of magic.
  2291 | D:4      | 2291 ||| PLANNING OSSUARY
  2463 | D:4      | 2463 ||| Stepping ~*~*~tactically~*~*~ (stealth).
  2467 | D:4      | 2467 ||| Stepping ~*~*~tactically~*~*~ (hiding).
  2469 | D:4      | 2469 ||| Stepping ~*~*~tactically~*~*~ (hiding).
  2619 | D:4      | Reached XP level 6. HP: 56/59 MP: 6/6
  2700 | D:4      | Found a staircase to the Ecumenical Temple.
  2874 | D:4      | Reached skill level 7 in Unarmed Combat
  2886 | D:4      | Found a sand-covered staircase.
  2897 | D:4      | 2897 ||| READING scroll labelled MUERAY YKHLEW.
  2898 | D:4      | 2898 ||| READING 2 scrolls labelled FUONIDGHO NERE.
  2899 | D:4      | 2899 ||| DRINKING 2 puce potions.
  2899 | D:4      | Gained mutation: You possess an exceptional clarity of
                  | mind. [potion of mutation]
  2899 | D:4      | Gained mutation: You have sharp toenails. [potion of
                  | mutation]
  2900 | D:4      | 2900 ||| DROPPING scroll of fog.
  2904 | Ossuary  | Entered an ossuary
  3452 | Ossuary  | Reached skill level 8 in Unarmed Combat
  3457 | Ossuary  | 3457 ||| READING scroll labelled JANAMUESKO.
  3461 | Ossuary  | 3461 ||| READING scroll labelled ITIGUA OMNAT.
  3462 | Ossuary  | 3462 ||| DRINKING 4 fizzy pink potions.
  3463 | Ossuary  | 3463 ||| DRINKING 2 fuming puce potions.
  3464 | Ossuary  | 3464 ||| DROPPING potion of flight.
  3483 | D:4      | 3483 ||| PLANNING D:1-11
  3491 | D:4      | Reached XP level 7. HP: 63/66 MP: 7/7
  3749 | D:5      | Entered Level 5 of the Dungeon
  3769 | D:5      | Reached skill level 3 in Fighting
  3821 | D:5      | 3821 ||| Stepping ~*~*~tactically~*~*~ (outnumbered).
  3890 | D:5      | 3890 ||| Stepping ~*~*~tactically~*~*~ (stealth).
  3893 | D:5      | 3893 ||| Stepping ~*~*~tactically~*~*~ (hiding).
  3894 | D:5      | 3894 ||| Stepping ~*~*~tactically~*~*~ (stealth).
  3912 | D:5      | 3912 ||| Stepping ~*~*~tactically~*~*~ (stealth).
  4101 | D:5      | 4101 ||| Stepping ~*~*~tactically~*~*~ (outnumbered).
  4126 | D:5      | Reached skill level 9 in Unarmed Combat
  4136 | D:5      | 4136 ||| Stepping ~*~*~tactically~*~*~ (hiding).
  4365 | D:5      | Reached skill level 1 in Throwing
  4641 | D:5      | 4641 ||| READING scroll labelled MAIHOTR SEIN.
  4642 | D:5      | 4642 ||| READING scroll labelled XESCHO SOFOU.
  4643 | D:5      | 4643 ||| READING scroll labelled ZUDATHAEMA.
  4731 | D:6      | Reached skill level 1 in Dodging
  4773 | D:6      | Found a basalt altar of Yredelemnul.
  4794 | D:6      | 4794 ||| Stepping ~*~*~tactically~*~*~ (hiding).
  4799 | D:6      | Reached XP level 8. HP: 75/75 MP: 8/8
  4799 | D:6      | 4799 ||| Stepping ~*~*~tactically~*~*~ (outnumbered).
  4841 | D:6      | Found an opulent altar of Gozag.
  5357 | D:6      | 5357 ||| READING scroll labelled NENKESM LUBRO.
  5464 | D:7      | Reached skill level 10 in Unarmed Combat
  5536 | D:7      | 5536 ||| Stepping ~*~*~tactically~*~*~ (hiding).
  5548 | D:7      | 5548 ||| INVOKING Fiery Armour.
  5549 | D:7      | HP: 17/75 [orc warrior/+0 glaive (18)]
  5635 | D:7      | 5635 ||| Stepping ~*~*~tactically~*~*~ (stealth).
  5758 | D:7      | 5758 ||| Stepping ~*~*~tactically~*~*~ (stealth).
  5760 | D:7      | 5760 ||| Stepping ~*~*~tactically~*~*~ (stealth).
  5767 | D:7      | 5767 ||| Stepping ~*~*~tactically~*~*~ (outnumbered).
  5770 | D:7      | Reached XP level 9. HP: 83/84 MP: 9/9
  5776 | D:7      | 5776 ||| INVOKING Fiery Armour.
  5845 | D:7      | 5845 ||| FLEEEEING.
  5846 | D:7      | 5846 ||| FLEEEEING.
  5847 | D:7      | 5847 ||| FLEEEEING.
  5848 | D:7      | 5848 ||| FLEEEEING.
  5849 | D:7      | 5849 ||| FLEEEEING.
  5851 | D:7      | 5851 ||| FLEEEEING.
  5852 | D:7      | 5852 ||| FLEEEEING.
  5853 | D:7      | 5853 ||| STAIRDANCE
  5881 | D:6      | 5881 ||| UPGRADING to ring of resist corrosion.
  5882 | D:6      | 5882 ||| READING scroll labelled UWINOO HAVOV.
  5883 | D:6      | 5883 ||| READING 4 scrolls of identify.
  5883 | D:6      | 5883 ||| IDENTIFYING clear potion
  5884 | D:6      | 5884 ||| READING 3 scrolls of identify.
  5884 | D:6      | 5884 ||| IDENTIFYING emerald potion
  5885 | D:6      | 5885 ||| READING 2 scrolls of identify.
  5885 | D:6      | 5885 ||| IDENTIFYING fuming blue potion
  5886 | D:6      | 5886 ||| DROPPING potion of ambrosia.
  5887 | D:6      | 5887 ||| DROPPING potion of invisibility.
  5888 | D:6      | 5888 ||| DROPPING potion of lignification.
  5972 | D:7      | 5972 ||| Stepping ~*~*~tactically~*~*~ (stealth).
  5981 | D:7      | Reached skill level 3 in Throwing
  5984 | D:7      | Reached skill level 11 in Unarmed Combat
  6025 | D:7      | Found a broken altar of Ashenzari.
  6081 | D:7      | 6081 ||| READING scroll labelled GUAG ERIUSESTUROE.
  6081 | D:7      | Identified a scroll of acquirement
  6081 | D:7      | 6081 ||| ACQUIRING amulet of reflection
  6081 | D:7      | Acquired an amulet of reflection
  6083 | D:7      | 6083 ||| UPGRADING to amulet of reflection.
  6114 | D:8      | Found a shadowy altar of Dithmenos.
  6144 | D:8      | Found a stormy altar of Qazlal.
  6151 | D:8      | Found a hide-covered altar of Uskayaw.
  6152 | D:8      | Found an iron altar of Okawaru.
  6163 | D:8      | 6163 ||| Stepping ~*~*~tactically~*~*~ (hiding).
  6377 | D:8      | 6377 ||| Stepping ~*~*~tactically~*~*~ (outnumbered).
  6380 | D:8      | 6380 ||| Stepping ~*~*~tactically~*~*~ (outnumbered).
  6386 | D:8      | 6386 ||| Stepping ~*~*~tactically~*~*~ (outnumbered).
  6387 | D:8      | 6387 ||| Stepping ~*~*~tactically~*~*~ (outnumbered).
  6390 | D:8      | 6390 ||| INVOKING Fiery Armour.
  6613 | D:8      | Reached skill level 12 in Unarmed Combat
  6729 | D:8      | Noticed a two-headed ogre
  6735 | D:8      | Killed a two-headed ogre
  7060 | D:8      | 7060 ||| READING 2 scrolls labelled LOTSEA LYCLEMONA.
  7161 | D:8      | 7161 ||| READING 3 scrolls of identify.
  7161 | D:8      | 7161 ||| IDENTIFYING green potion
  7162 | D:8      | 7162 ||| READING 2 scrolls of identify.
  7162 | D:8      | 7162 ||| IDENTIFYING glowing inky potion
  7163 | D:8      | 7163 ||| DROPPING potion of attraction.
  7164 | D:8      | 7164 ||| DROPPING scroll of silence.
  7186 | D:9      | 7186 ||| Stepping ~*~*~tactically~*~*~ (hiding).
  7187 | D:9      | 7187 ||| Stepping ~*~*~tactically~*~*~ (hiding).
  7202 | D:9      | Noticed Psyche
  7203 | D:9      | 7203 ||| Stepping ~*~*~tactically~*~*~ (hiding).
  7215 | D:9      | Killed Psyche
  7216 | D:9      | Reached XP level 10. HP: 85/98 MP: 10/10
  7217 | D:9      | 7217 ||| FLEEEEING.
  7218 | D:9      | 7218 ||| FLEEEEING.
  7219 | D:9      | 7219 ||| FLEEEEING.
  7235 | D:9      | 7235 ||| Stepping ~*~*~tactically~*~*~ (stealth).
  7237 | D:9      | 7237 ||| Stepping ~*~*~tactically~*~*~ (hiding).
  7335 | D:9      | 7335 ||| Stepping ~*~*~tactically~*~*~ (hiding).
  7459 | D:9      | 7459 ||| Stepping ~*~*~tactically~*~*~ (stealth).
  7460 | D:9      | 7460 ||| Stepping ~*~*~tactically~*~*~ (stealth).
  7470 | D:9      | Noticed a fire dragon
  7471 | D:9      | 7471 ||| Stepping ~*~*~tactically~*~*~ (stealth).
  7479 | D:9      | 7479 ||| Stepping ~*~*~tactically~*~*~ (hiding).
  7481 | D:9      | 7481 ||| INVOKING Fiery Armour.
  7489 | D:9      | Killed a fire dragon
  7532 | D:9      | Found a staircase to the Lair.
  7567 | D:9      | Noticed Pikel
  7571 | D:9      | 7571 ||| Stepping ~*~*~tactically~*~*~ (hiding).
  7573 | D:9      | 7573 ||| Stepping ~*~*~tactically~*~*~ (outnumbered).
  7574 | D:9      | 7574 ||| Stepping ~*~*~tactically~*~*~ (outnumbered).
  7575 | D:9      | 7575 ||| Stepping ~*~*~tactically~*~*~ (outnumbered).
  7579 | D:9      | Reached skill level 13 in Unarmed Combat
  7579 | D:9      | 7579 ||| Stepping ~*~*~tactically~*~*~ (outnumbered).
  7580 | D:9      | 7580 ||| Stepping ~*~*~tactically~*~*~ (outnumbered).
  7581 | D:9      | 7581 ||| Stepping ~*~*~tactically~*~*~ (outnumbered).
  7583 | D:9      | 7583 ||| Stepping ~*~*~tactically~*~*~ (hiding).
  7584 | D:9      | Killed Pikel
  7593 | D:9      | 7593 ||| Stepping ~*~*~tactically~*~*~ (outnumbered).
  7599 | D:9      | 7599 ||| Stepping ~*~*~tactically~*~*~ (outnumbered).
  8056 | D:9      | 8056 ||| PLANNING LAIR
  8056 | D:9      | 8056 ||| UPGRADING to +0 kite shield.
  8061 | D:9      | 8061 ||| UPGRADING to +0 steam dragon scales.
  8071 | D:9      | 8071 ||| DROPPING +0 robe.
  8072 | D:9      | 8072 ||| DROPPING orb of mayhem.
  8073 | D:9      | 8073 ||| READING 3 scrolls of enchant armour.
  8073 | D:9      | 8073 ||| ENCHANTING +0 steam dragon scales.
  8074 | D:9      | 8074 ||| READING 2 scrolls of enchant armour.
  8074 | D:9      | 8074 ||| ENCHANTING +1 steam dragon scales.
  8075 | D:9      | 8075 ||| READING scroll of enchant armour.
  8075 | D:9      | 8075 ||| ENCHANTING +2 steam dragon scales.
  8076 | D:9      | 8076 ||| DROPPING ring of resist corrosion.
  8077 | D:9      | 8077 ||| UPGRADING to +4 ring of evasion.
  8079 | D:9      | 8079 ||| UPGRADING to ring of willpower.
  8081 | D:9      | 8081 ||| READING scroll labelled PIZIAT ZAACS.
  8082 | D:9      | 8082 ||| READING 3 scrolls of identify.
  8082 | D:9      | 8082 ||| IDENTIFYING fizzy cyan potion
  8083 | D:9      | 8083 ||| READING 2 scrolls of identify.
  8083 | D:9      | 8083 ||| IDENTIFYING silvery potion
  8084 | D:9      | 8084 ||| DRINKING potion of experience.
  8084 | D:9      | Reached XP level 11. HP: 105/105 MP: 11/11
  8130 | Lair:1   | Entered Level 1 of the Lair of Beasts
  8145 | Lair:1   | Reached skill level 1 in Armour
  8269 | Lair:1   | 8269 ||| INVOKING Fiery Armour.
  8278 | Lair:1   | Noticed a boulder beetle
  8300 | Lair:1   | Reached skill level 9 in Shields
  8315 | Lair:1   | Killed a boulder beetle
  8380 | Lair:1   | Found a dark tunnel.
  8607 | Lair:1   | 8607 ||| Stepping ~*~*~tactically~*~*~ (stealth).
  8630 | Lair:1   | 8630 ||| Stepping ~*~*~tactically~*~*~ (stealth).
  8694 | Lair:1   | 8694 ||| Stepping ~*~*~tactically~*~*~ (stealth).
  8705 | Lair:1   | 8705 ||| INVOKING Fiery Armour.
  8727 | Lair:1   | Reached skill level 14 in Unarmed Combat
  8727 | Lair:1   | Reached XP level 12. HP: 98/113 MP: 12/12
  8809 | Lair:1   | 8809 ||| Stepping ~*~*~tactically~*~*~ (stealth).
  8813 | Lair:1   | Reached skill level 6 in Fighting
  8959 | Lair:1   | 8959 ||| Stepping ~*~*~tactically~*~*~ (outnumbered).
  9040 | Lair:1   | 9040 ||| DROPPING amulet of the acrobat.
  9041 | Lair:1   | 9041 ||| READING 2 scrolls of identify.
  9041 | Lair:1   | 9041 ||| IDENTIFYING white potion
  9042 | Lair:1   | 9042 ||| DROPPING potion of brilliance.
  9060 | Lair:2   | 9060 ||| INVOKING Fiery Armour.
  9064 | Lair:2   | 9064 ||| STAIRDANCE
  9066 | Lair:1   | 9066 ||| Stepping ~*~*~tactically~*~*~ (outnumbered).
  9067 | Lair:1   | 9067 ||| Stepping ~*~*~tactically~*~*~ (outnumbered).
  9068 | Lair:1   | 9068 ||| Stepping ~*~*~tactically~*~*~ (outnumbered).
  9069 | Lair:1   | 9069 ||| Stepping ~*~*~tactically~*~*~ (outnumbered).
  9070 | Lair:1   | 9070 ||| Stepping ~*~*~tactically~*~*~ (outnumbered).
  9085 | Lair:2   | 9085 ||| STAIRDANCE
  9087 | Lair:1   | 9087 ||| Stepping ~*~*~tactically~*~*~ (outnumbered).
  9088 | Lair:1   | 9088 ||| Stepping ~*~*~tactically~*~*~ (outnumbered).
  9089 | Lair:1   | 9089 ||| Stepping ~*~*~tactically~*~*~ (outnumbered).
  9090 | Lair:1   | 9090 ||| Stepping ~*~*~tactically~*~*~ (outnumbered).
  9099 | Lair:1   | 9099 ||| Stepping ~*~*~tactically~*~*~ (outnumbered).
  9102 | Lair:1   | HP: 28/114 [poisoned by a cane toad]
  9103 | Lair:1   | 9103 ||| READING 3 scrolls of teleportation.
  9104 | Lair:1   | 9104 ||| DRINKING 2 potions of heal wounds.
  9218 | Lair:2   | 9218 ||| STAIRDANCE
  9277 | Lair:2   | 9277 ||| Stepping ~*~*~tactically~*~*~ (stealth).
  9285 | Lair:2   | 9285 ||| INVOKING Fiery Armour.
  9288 | Lair:2   | 9288 ||| Stepping ~*~*~tactically~*~*~ (outnumbered).
  9290 | Lair:2   | 9290 ||| Stepping ~*~*~tactically~*~*~ (outnumbered).
  9291 | Lair:2   | 9291 ||| Stepping ~*~*~tactically~*~*~ (outnumbered).
  9294 | Lair:2   | 9294 ||| Stepping ~*~*~tactically~*~*~ (outnumbered).
  9295 | Lair:2   | 9295 ||| Stepping ~*~*~tactically~*~*~ (outnumbered).
  9298 | Lair:2   | 9298 ||| Stepping ~*~*~tactically~*~*~ (outnumbered).
  9299 | Lair:2   | 9299 ||| Stepping ~*~*~tactically~*~*~ (outnumbered).
  9300 | Lair:2   | 9300 ||| Stepping ~*~*~tactically~*~*~ (outnumbered).
  9302 | Lair:2   | 9302 ||| Stepping ~*~*~tactically~*~*~ (outnumbered).
  9303 | Lair:2   | 9303 ||| Stepping ~*~*~tactically~*~*~ (outnumbered).
  9304 | Lair:2   | 9304 ||| Stepping ~*~*~tactically~*~*~ (outnumbered).
  9305 | Lair:2   | 9305 ||| Stepping ~*~*~tactically~*~*~ (outnumbered).
  9306 | Lair:2   | 9306 ||| Stepping ~*~*~tactically~*~*~ (outnumbered).
  9320 | Lair:2   | Reached skill level 15 in Unarmed Combat
  9389 | Lair:2   | Noticed a seven-headed hydra
  9396 | Lair:2   | Killed an eight-headed hydra
  9547 | Lair:2   | You fall into a shaft and drop 2 floors!
  9550 | Lair:4   | 9550 ||| Stepping ~*~*~tactically~*~*~ (hiding).
  9695 | Lair:3   | 9695 ||| STAIRDANCE
  9738 | Lair:2   | 9738 ||| Stepping ~*~*~tactically~*~*~ (stealth).
  9742 | Lair:2   | 9742 ||| Stepping ~*~*~tactically~*~*~ (hiding).
  9745 | Lair:2   | 9745 ||| Stepping ~*~*~tactically~*~*~ (outnumbered).
  9745 | Lair:2   | Noticed a four-headed hydra
  9746 | Lair:2   | 9746 ||| INVOKING Fiery Armour.
  9747 | Lair:2   | 9747 ||| Stepping ~*~*~tactically~*~*~ (outnumbered).
  9748 | Lair:2   | 9748 ||| Stepping ~*~*~tactically~*~*~ (outnumbered).
  9749 | Lair:2   | 9749 ||| Stepping ~*~*~tactically~*~*~ (outnumbered).
  9761 | Lair:2   | Killed a five-headed hydra
  9918 | Lair:2   | 9918 ||| Stepping ~*~*~tactically~*~*~ (stealth).
  9924 | Lair:2   | 9924 ||| Stepping ~*~*~tactically~*~*~ (outnumbered).
  9925 | Lair:2   | 9925 ||| Stepping ~*~*~tactically~*~*~ (outnumbered).
  9926 | Lair:2   | 9926 ||| Stepping ~*~*~tactically~*~*~ (outnumbered).
  9927 | Lair:2   | 9927 ||| Stepping ~*~*~tactically~*~*~ (outnumbered).
  9928 | Lair:2   | 9928 ||| Stepping ~*~*~tactically~*~*~ (outnumbered).
  9945 | Lair:2   | Reached skill level 16 in Unarmed Combat
  9988 | Lair:2   | 9988 ||| Stepping ~*~*~tactically~*~*~ (stealth).
  9989 | Lair:2   | 9989 ||| Stepping ~*~*~tactically~*~*~ (stealth).
  9990 | Lair:2   | 9990 ||| Stepping ~*~*~tactically~*~*~ (stealth).
  9991 | Lair:2   | 9991 ||| Stepping ~*~*~tactically~*~*~ (stealth).
 10073 | Lair:2   | 10073 ||| INVOKING Fiery Armour.
 10302 | Lair:2   | 10302 ||| Stepping ~*~*~tactically~*~*~ (stealth).
 10303 | Lair:2   | 10303 ||| Stepping ~*~*~tactically~*~*~ (stealth).
 10305 | Lair:2   | 10305 ||| Stepping ~*~*~tactically~*~*~ (stealth).
 10306 | Lair:2   | 10306 ||| Stepping ~*~*~tactically~*~*~ (stealth).
 10309 | Lair:2   | 10309 ||| Stepping ~*~*~tactically~*~*~ (stealth).
 10314 | Lair:2   | Reached XP level 13. HP: 111/123 MP: 13/13
 10389 | Lair:2   | 10389 ||| DRINKING 2 potions of curing.
 10389 | Lair:2   | 10389 ||| (to cure bad poison)
 10420 | Lair:2   | Found a hole to the Spider Nest.
 10608 | Lair:3   | 10608 ||| STAIRDANCE
 10633 | Lair:3   | 10633 ||| STAIRDANCE
 10662 | Lair:3   | 10662 ||| STAIRDANCE
 11144 | Lair:3   | 11144 ||| Stepping ~*~*~tactically~*~*~ (outnumbered).
 11145 | Lair:3   | 11145 ||| Stepping ~*~*~tactically~*~*~ (outnumbered).
 11146 | Lair:3   | 11146 ||| INVOKING Fiery Armour.
 11147 | Lair:3   | 11147 ||| Stepping ~*~*~tactically~*~*~ (outnumbered).
 11177 | Lair:3   | HP: 27/124 [yak (5)]
 11178 | Lair:3   | 11178 ||| READING 4 scrolls of teleportation.
 11179 | Lair:3   | 11179 ||| DRINKING potion of heal wounds.
 11317 | Lair:3   | 11317 ||| Stepping ~*~*~tactically~*~*~ (outnumbered).
 11389 | Lair:3   | 11389 ||| Stepping ~*~*~tactically~*~*~ (stealth).
 11391 | Lair:3   | 11391 ||| Stepping ~*~*~tactically~*~*~ (stealth).
 11409 | Lair:3   | 11409 ||| Stepping ~*~*~tactically~*~*~ (stealth).
 11411 | Lair:3   | 11411 ||| INVOKING Fiery Armour.
 11495 | Lair:3   | 11495 ||| Stepping ~*~*~tactically~*~*~ (stealth).
 11496 | Lair:3   | 11496 ||| Stepping ~*~*~tactically~*~*~ (stealth).
 11534 | Lair:3   | Found a staircase to the Shoals.
 11771 | Lair:4   | 11771 ||| Stepping ~*~*~tactically~*~*~ (outnumbered).
 11772 | Lair:4   | 11772 ||| Stepping ~*~*~tactically~*~*~ (outnumbered).
 11773 | Lair:4   | 11773 ||| Stepping ~*~*~tactically~*~*~ (outnumbered).
 11774 | Lair:4   | 11774 ||| Stepping ~*~*~tactically~*~*~ (outnumbered).
 11775 | Lair:4   | 11775 ||| STAIRDANCE
 11777 | Lair:3   | 11777 ||| Stepping ~*~*~tactically~*~*~ (outnumbered).
 11778 | Lair:3   | 11778 ||| Stepping ~*~*~tactically~*~*~ (outnumbered).
 11779 | Lair:3   | 11779 ||| Stepping ~*~*~tactically~*~*~ (outnumbered).
 11780 | Lair:3   | 11780 ||| Stepping ~*~*~tactically~*~*~ (outnumbered).
 11781 | Lair:3   | 11781 ||| Stepping ~*~*~tactically~*~*~ (outnumbered).
 11782 | Lair:3   | 11782 ||| Stepping ~*~*~tactically~*~*~ (outnumbered).
 11783 | Lair:3   | 11783 ||| Stepping ~*~*~tactically~*~*~ (outnumbered).
 11800 | Lair:4   | Found a staircase to the Slime Pits.
 12125 | Lair:4   | Reached skill level 17 in Unarmed Combat
 12482 | Lair:5   | Entered Level 5 of the Lair of Beasts
 12484 | Lair:5   | 12484 ||| STAIRDANCE
 12518 | Lair:5   | 12518 ||| STAIRDANCE
 12520 | Lair:4   | 12520 ||| Stepping ~*~*~tactically~*~*~ (outnumbered).
 12521 | Lair:4   | 12521 ||| INVOKING Fiery Armour.
 12522 | Lair:4   | 12522 ||| Stepping ~*~*~tactically~*~*~ (outnumbered).
 12539 | Lair:4   | 12539 ||| FLEEEEING.
 12540 | Lair:4   | 12540 ||| FLEEEEING.
 12541 | Lair:4   | 12541 ||| FLEEEEING.
 12542 | Lair:4   | 12542 ||| FLEEEEING.
 12543 | Lair:4   | 12543 ||| STAIRDANCE
 12545 | Lair:3   | 12545 ||| PLANNING CONVERSION TO OKAWARU
 12698 | D:8      | Fell from the grace of Ignis
 12698 | D:8      | Became a worshipper of Warmaster Okawaru
 12699 | D:8      | 12699 ||| PLANNING LAIR
 12806 | Lair:5   | 12806 ||| STAIRDANCE
 12814 | Lair:5   | 12814 ||| STAIRDANCE
 12818 | Lair:4   | Reached skill level 6 in Throwing
 12830 | Lair:5   | 12830 ||| STAIRDANCE
 12838 | Lair:5   | 12838 ||| STAIRDANCE
 12932 | Lair:5   | 12932 ||| Stepping ~*~*~tactically~*~*~ (outnumbered).
 12933 | Lair:5   | 12933 ||| Stepping ~*~*~tactically~*~*~ (outnumbered).
 12934 | Lair:5   | 12934 ||| Stepping ~*~*~tactically~*~*~ (outnumbered).
 12935 | Lair:5   | 12935 ||| Stepping ~*~*~tactically~*~*~ (outnumbered).
 12936 | Lair:5   | 12936 ||| Stepping ~*~*~tactically~*~*~ (outnumbered).
 12937 | Lair:5   | 12937 ||| Stepping ~*~*~tactically~*~*~ (outnumbered).
 12938 | Lair:5   | 12938 ||| Stepping ~*~*~tactically~*~*~ (outnumbered).
 12939 | Lair:5   | 12939 ||| Stepping ~*~*~tactically~*~*~ (outnumbered).
 12940 | Lair:5   | 12940 ||| Stepping ~*~*~tactically~*~*~ (outnumbered).
 12943 | Lair:5   | 12943 ||| Stepping ~*~*~tactically~*~*~ (outnumbered).
 12943 | Lair:5   | HP: 30/124 [eight-headed hydra (12)]
 12944 | Lair:5   | 12944 ||| READING 5 scrolls of teleportation.
 12944 | Lair:5   | HP: 13/124 [eight-headed hydra (8)]
 12944 | Lair:5   | HP: 6/124 [eight-headed hydra (7)]
 12945 | Lair:5   | 12945 ||| Stepping ~*~*~tactically~*~*~ (outnumbered).
 12945 | Lair:5   | Slain by an eight-headed hydra

Levels and vault maps discovered:
D:1:      psy_arrival_radial01, layout_rooms
D:2:      layout_basic, nicolae_ecumenical_oubliette
D:3:      layout_basic, serial_shops, nicolae_shop_hallway_stairs,
          grunt_ministairs_1, dreamdust_princess_corridor, minivault_4,
          kennysheep_generic_room_16
D:4:      layout_cave_pools, temple_doors_cd, serial_bayou, serial_bayou_pond_d,
          serial_bayou_lagoon_a, serial_bayou_lake_a, serial_bayou_lagoon_b,
          serial_bayou_shore_b, nicolae_ossuary_entry_catacombs
D:5:      layout_basic
D:6:      layout_basic, overflow_temple_1_default, grunt_gozag_breadcrumbs
D:7:      minmay_general_purpose_star, layout_basic, ashenzari_altar_1,
          st_stairs_4
D:8:      layout_cave_pods, lemuel_round_altar,
          gammafunk_temple_overflow_forgotten
D:9:      layout_loops_cross, minmay_lair_entry_lava, uniq_pikel, uniq_psyche
Lair:1:   layout_regular_city, enter_volcano_4, infiniplex_staircase_pool
Lair:2:   beast_lair_carwin_large_1, layout_regular_city, spider_nest_entry_a,
          minivault_26, nicolae_quartered_pool_medium, lemuel_fruit_fields,
          grunt_megastairs_3
Lair:3:   layout_gridlike, minmay_shoals_entry_lonely_mermaid,
          lemuel_fruit_fields
Lair:4:   layout_small_grid, nicolae_slime_entry_slimehenge,
          serial_bayou_shore_b, grunt_megastairs_5
Lair:5:   hellmonk_lair_end_abyssal_woods, layout_cellular_growth, uniq_kirke

Skill      XL: |  1  2  3  4  5  6  7  8  9 10 11 12 13 |
---------------+----------------------------------------+-----
Unarmed Combat | 4 5 6 8 9 10 12 13 14 16 17 | 17.0
Fighting       | 3 4 5 6 7 |  7.0
Throwing       | 1 2 4 6 |  6.0
Dodging        | 1 2 |  2.2
Shields        | 8 10 11 | 11.4
Armour         | 1 2 |  2.1
Spellcasting   | |  1.0
Fire Magic     | |  2.1

Action                   |  1- 3 |  4- 6 |  7- 9 | 10-12 | 13-15 || total
-------------------------+-------+-------+-------+-------+-------++-------
Melee: Unarmed           |    99 |   154 |   249 |   364 |   217 ||  1083
       Punch             |     2 |     3 |    10 |     4 |       ||    19
       Kick              |       |     5 |    33 |    81 |    59 ||   178
Throw: Boomerang         |       |    46 |    36 |    16 |    22 ||   120
       Javelin           |       |       |    32 |    81 |    41 ||   154
Invok: Fiery Armour      |       |       |     3 |     7 |     3 ||    13
  Use: Scroll            |       |     8 |    12 |     8 |     2 ||    30
       Potion            |       |     5 |       |     2 |     2 ||     9
 Stab: Distracted        |       |     1 |       |       |       ||     1
Armor: Robe              |    36 |    40 |    58 |    13 |       ||   147
       Steam dragon scal |       |       |       |    86 |    70 ||   156
Dodge: Dodged            |    31 |    39 |    65 |   145 |   122 ||   402
Block: Other             |       |       |    15 |    16 |       ||    31
       Reflection        |       |       |     1 |     2 |       ||     3
       Kite shield       |       |       |       |   214 |   217 ||   431

Table legend:
 A = Non-vault XP
 B = Vault XP
 C = Vault XP percentage of total XP
 D = Non-vault monster count
 E = Vault monster count
 F = Vault count percentage of total count
                 A         B        C        D         E       F
            +---------+---------+-------+---------+---------+-------
      Total |   40151 |    5090 |  11.3 |     310 |      51 |  14.1
            +---------+---------+-------+---------+---------+-------
        D:1 |      52 |       0 |   0.0 |      28 |       0 |   0.0
        D:2 |      45 |       0 |   0.0 |      15 |       0 |   0.0
        D:3 |     152 |       6 |   3.8 |      24 |       4 |  14.3
        D:4 |     152 |     158 |  51.0 |      18 |       6 |  25.0
        D:5 |     462 |       0 |   0.0 |      22 |       0 |   0.0
        D:6 |     408 |       0 |   0.0 |      14 |       0 |   0.0
        D:7 |    1236 |     420 |  25.4 |      24 |       5 |  17.2
        D:8 |    1712 |       0 |   0.0 |      11 |       0 |   0.0
        D:9 |    1174 |    1909 |  61.9 |      26 |       3 |  10.3
     Lair:1 |    9398 |     411 |   4.2 |      39 |       1 |   2.5
     Lair:2 |   11209 |    1270 |  10.2 |      38 |      12 |  24.0
     Lair:3 |    7467 |     525 |   6.6 |      26 |       3 |  10.3
     Lair:4 |    5544 |     136 |   2.4 |      20 |       5 |  20.0
     Lair:5 |    1140 |       0 |   0.0 |       5 |       0 |   0.0
    Ossuary |       0 |     255 | 100.0 |       0 |      12 | 100.0
            +---------+---------+-------+---------+---------+-------
